Map: Central Protocol

Players

LilDicky

  • Race: Terran Terran
  • League: Platinum

Axe - Winner!

  • Race: Terran Terran
  • League: Platinum

VOD

http://www.twitch.tv/tumescentpie

Description

Time

  • Played on: Nov. 20, 2015, 11:05 a.m.
  • Length: 11:08
Show
View Real Time Build Order
Export as new Build Order

LilDicky Terran 

Build Orders: Hellion Banshee, Mech 

Get SALT Encoding   

  12  0:02  SCV  
  13  0:14  SCV  
  14  0:21  Supply Depot  
  14  0:29  SCV  
  14  0:30  Refinery  
  15  0:43  SCV  
  16  0:50  Barracks  
  16  0:55  SCV  
  17  1:07  SCV  
  18  1:19  SCV  
  19  1:31  SCV  
  20  1:38  Supply Depot, Reaper  
  21  1:43  Orbital Command  
  21  1:47  Refinery  
  21  2:09  SCV  
  21  2:14  Supply Depot  
  22  2:20  Marine  
  22  2:21  SCV  
  24  2:25  Factory  
  24  2:36  SCV  
  25  2:40  Command Center  
  25  2:44  Barracks Reactor  
  25  2:48  SCV  
  25  3:00  SCV  
  26  3:08  Supply Depot  
  26  3:11  Starport  
  26  3:12  SCV  
  27  3:24  SCV  
  28  3:32  Supply Depot  
  28  3:36  SCV  
  29  3:42  Marine  
  29  3:43  Hellion x2  
  34  3:48  SCV  
  34  3:49  Starport Tech Lab  
  34  3:54  Orbital Command  
  35  4:01  SCV  
  35  4:12  Marine  
  35  4:13  Hellion x2  
  35  4:14  SCV  
  35  4:15  Banshee  
  44  4:18  Cloaking Field  
  44  4:33  SCV  
  45  4:41  Orbital Command  
  45  4:46  SCV  
  45  4:47  Hellion x2  
  50  4:53  Marine  
  50  4:58  SCV  
  52  5:00  Factory  
  52  5:01  Factory  
  44  5:15  SCV, Hellion x2  
  44  5:17  SCV  
  50  5:31  SCV  
  50  5:32  Banshee  
  54  5:37  Marine  
  55  5:58  Factory Tech Lab x2  
  50  6:06  Hellion x2  
  52  6:14  Supply Depot  
  52  6:17  Supply Depot  
  52  6:23  SCV x2  
  54  6:25  Siege Tank  
  54  6:26  Banshee, Siege Tank  
  54  6:27  Hellion  
  54  6:28  Hellion  
  54  6:30  Starport  
  67  6:32  Refinery  
  67  6:33  Refinery  
  67  6:35  SCV  
  67  6:39  Armory  
  68  6:40  SCV  
  69  6:47  SCV, Supply Depot  
  69  6:49  Supply Depot  
  69  6:50  Hellion x2  
  69  6:52  SCV  
  75  6:59  SCV  
  75  7:00  Engineering Bay  
  76  7:02  Command Center  
  76  7:12  Siege Tank x2  
  82  7:17  Starport Reactor  
  82  7:19  Viking  
  84  7:29  Missile Turret  
  84  7:32  Missile Turret  
  84  7:38  Sensor Tower  
  79  8:00  SCV x2  
  79  8:02  Viking  
  79  8:03  Viking x2  
  83  8:32  Viking  
  85  8:38  Sensor Tower  
  85  8:52  Orbital Command  
  85  8:56  SCV  
  85  8:57  Hellion, Siege Tank  
  85  8:58  Siege Tank, Hellion, Refinery  
  85  8:59  Banshee, Viking  
  85  9:02  Viking  
  101  9:05  SCV  
  101  9:09  SCV  
  105  9:11  Command Center  
  105  9:17  SCV  
  105  9:19  Hellion, Missile Turret  
  105  9:20  Missile Turret  
  73  9:35  Hellion x2, Siege Tank  
  78  9:47  Liberator x2  
  78  9:56  Siege Tank  
  75  10:02  Armory  
  75  10:03  Armory, Hellion  
  83  10:10  SCV x3  
  86  10:22  SCV x3  
  86  10:27  Planetary Fortress  
  89  10:29  Refinery  
  89  10:32  Hellion x3  
  89  10:34  SCV  
  89  10:35  SCV  
  97  10:36  SCV  
  98  10:46  SCV  
  98  10:49  Refinery  
  99  10:54  Sensor Tower  
Show
View Real Time Build Order
Export as new Build Order

Axe Terran - Winner!

Build Orders: Command Center First (CC) 

Get SALT Encoding   

  12  0:01  SCV  
  13  0:13  SCV  
  14  0:17  Supply Depot  
  14  0:26  SCV  
  15  0:40  SCV  
  16  0:52  SCV  
  17  1:01  Command Center  
  17  1:04  SCV  
  18  1:17  Barracks  
  19  1:18  SCV  
  19  1:30  SCV  
  20  1:36  Barracks  
  20  1:42  SCV  
  21  2:06  Barracks, Orbital Command  
  21  2:07  Marine  
  22  2:16  Orbital Command  
  22  2:24  Refinery x2  
  22  2:28  Marine  
  23  2:30  Marine  
  23  2:34  SCV  
  25  2:46  SCV  
  26  2:51  Marine  
  26  2:56  Orbital Command, Marine  
  26  2:58  SCV  
  30  3:03  Barracks Tech Lab  
  29  3:09  Marine  
  29  3:10  SCV  
  31  3:13  Marine  
  32  3:22  SCV, Factory  
  33  3:29  Marine  
  33  3:31  SCV  
  37  3:34  SCV  
  37  3:38  Barracks Reactor  
  37  3:39  Barracks Tech Lab  
  36  3:43  Supply Depot, SCV  
  36  3:46  SCV, Bunker  
  38  3:54  Engineering Bay  
  38  3:58  Stimpack  
  38  4:04  SCV x2, Marine x2  
  38  4:05  Supply Depot  
  42  4:15  Starport  
  42  4:16  Factory Tech Lab  
  42  4:17  SCV x2  
  42  4:22  Missile Turret, Marine x2  
  46  4:24  Missile Turret  
  46  4:26  Marine  
  46  4:29  SCV, Marine  
  49  4:34  SCV  
  50  4:40  Supply Depot  
  50  4:41  SCV  
  50  4:43  Marine  
  52  4:47  SCV  
  53  4:57  SCV  
  54  5:02  Viking, Siege Tank  
  54  5:04  SCV, Marine x2, Supply Depot  
  62  5:13  SCV  
  61  5:17  Terran Infantry Weapons Level 1  
  61  5:21  Refinery  
  61  5:26  SCV, Marauder x2  
  61  5:27  Supply Depot, Marine  
  67  5:30  Concussive Shells  
  67  5:33  Starport Reactor  
  67  5:38  SCV  
  67  5:41  Marine  
  69  5:43  SCV  
  69  5:47  Refinery  
  69  5:50  Marine  
  69  5:51  Marine x2  
  72  5:57  SCV  
  72  5:59  Marine  
  71  6:08  Siege Tank  
  74  6:13  Medivac  
  74  6:15  Command Center  
  74  6:16  Missile Turret  
  76  6:18  SCV  
  76  6:23  Supply Depot  
  76  6:24  Marine  
  78  6:28  Supply Depot  
  78  6:43  Barracks  
  78  6:44  Marine x3  
  78  6:45  SCV  
  78  6:46  Medivac x2  
  86  6:47  Barracks  
  86  6:50  Supply Depot  
  86  6:55  SCV  
  86  6:56  Supply Depot  
  86  6:57  SCV  
  86  6:58  Marine  
  89  7:02  Marine  
  89  7:07  Armory, SCV  
  91  7:14  SCV  
  92  7:19  Marine x2  
  92  7:21  Siege Tank  
  92  7:22  SCV  
  98  7:23  Supply Depot  
  98  7:34  Supply Depot  
  95  7:57  Marine  
  95  7:58  Marine  
  91  7:59  Marine x2  
  91  8:01  Barracks Tech Lab  
  91  8:02  Barracks Tech Lab  
  91  8:05  Siege Tank, Medivac x2  
  99  8:11  Orbital Command  
  99  8:12  SCV  
  102  8:18  Marauder x2  
  106  8:26  Marine x2  
  108  8:29  Marauder x2  
  108  8:31  Terran Infantry Armor Level 1  
  112  8:35  Engineering Bay  
  112  8:36  SCV  
  112  8:39  Marauder x2  
  112  8:40  SCV  
  119  8:48  SCV x2  
  119  8:51  Marauder x2  
  119  8:54  Marine x2  
  119  8:55  Supply Depot  
  126  8:59  Bunker  
  126  9:00  Marauder  
  126  9:01  SCV  
  129  9:06  Marine  
  129  9:18  Supply Depot  
  129  9:19  Marine  
  108  9:27  Marine  
  108  9:28  Marauder x2, Marine  
  111  9:36  Marine  
  111  9:37  Siege Tank, Marine  
  111  9:38  Medivac x2  
  118  9:42  Supply Depot  
  118  9:43  SCV x3  
  121  9:46  Refinery, Marauder  
  121  9:47  Refinery  
  121  9:49  Marauder  
  121  9:50  Supply Depot  
  123  9:57  Marine  
  119  10:00  Marine  
  119  10:01  Marine  
  121  10:08  Medivac x2  
  121  10:09  SCV x2  
  121  10:12  SCV  
  121  10:13  Supply Depot  
  128  10:17  Command Center  
  128  10:22  SCV  
  128  10:24  Marine x2  
  128  10:25  Marauder x2, Marine  
  136  10:31  SCV  
  136  10:34  Supply Depot  
  138  10:35  SCV  
  138  10:37  Marine  
  138  10:42  Marine  
Tags
 
Add a new tag
Caveats
  • Supply blocks, unpowered buildings, or Contaminate may cause inaccurate times.
  • Supply counts are checked every 10 seconds.